Map: Cerulean Fall LE

Players

Lambo - Winner!

  • Race: Zerg Zerg
  • League: Grandmaster
  • Spawn Location: 1:00

Denver

  • Race: Zerg Zerg
  • League: Grandmaster
  • Spawn Location: 7:00

VOD

Have the link to the VOD?

Description

Time

  • Played on: Jan. 11, 2019, 2:45 p.m.
  • Length: 9:58
Show
View Real Time Build Order
Export as new Build Order

Lambo Zerg - Winner!

Build Orders: Hatch First, Zergling Baneling 

Get SALT Encoding   

  12  0:01  Drone  
  13  0:13  Overlord  
  13  0:18  Drone  
  14  0:31  Drone x2  
  16  0:49  Hatchery  
  15  0:52  Drone  
  15  0:56  Drone  
  17  0:59  Drone  
  18  1:10  Extractor  
  17  1:14  Spawning Pool  
  17  1:17  Drone  
  17  1:21  Drone  
  18  1:28  Drone  
  19  1:39  Drone  
  20  1:52  Overlord  
  20  2:01  Queen x2  
  20  2:02  Drone x2  
  26  2:12  Metabolic Boost  
  26  2:13  Drone x2  
  28  2:24  Drone x2  
  30  2:37  Hatchery  
  30  2:41  Zergling x4  
  31  2:49  Baneling Nest, Drone  
  31  2:51  Overlord  
  31  2:56  Drone  
  32  2:59  Drone  
  33  3:08  Zergling x4  
  33  3:10  Zergling x8  
  39  3:16  Zergling x2  
  39  3:17  Overlord  
  40  3:25  Zergling x2  
  40  3:26  Drone  
  42  3:31  Drone  
  43  3:40  Baneling x3  
  43  3:44  Drone x8  
  54  4:02  Drone x5  
  52  4:11  Drone x3  
  52  4:14  Zergling x4  
  52  4:15  Zergling x2  
  48  4:17  Queen  
  48  4:21  Evolution Chamber  
  48  4:23  Baneling x2, Drone  
  48  4:24  Drone x2  
  52  4:27  Extractor  
  52  4:29  Drone x3  
  52  4:30  Extractor  
  53  4:35  Drone x2  
  55  4:41  Overlord  
  55  4:44  Zergling x4  
  57  4:46  Baneling x2  
  57  4:48  Zergling x2  
  57  4:49  Overlord  
  57  4:50  Overlord  
  57  4:52  Overlord  
  57  4:55  Overlord  
  57  4:57  Baneling  
  57  4:58  Drone x2  
  55  5:00  Overlord  
  55  5:07  Queen, Drone  
  55  5:10  Baneling  
  55  5:11  Drone  
  59  5:18  Drone  
  59  5:19  Drone  
  61  5:21  Drone  
  61  5:22  Drone x2  
  63  5:31  Zerg Missile Weapons Level 1, Drone x4  
  63  5:34  Roach Warren, Lair  
  66  5:38  Drone x2  
  66  5:40  Drone x2  
  69  5:45  Drone x2  
  69  5:47  Extractor  
  69  5:49  Extractor  
  68  5:50  Drone x2  
  68  6:01  Drone x6  
  73  6:06  Extractor  
  72  6:14  Zergling x4  
  72  6:16  Drone x2  
  76  6:22  Roach x6  
  76  6:24  Evolution Chamber, Hatchery  
  85  6:27  Roach x2  
  89  6:34  Roach x3  
  89  6:37  Roach  
  89  6:38  Roach x2  
  101  6:44  Roach x2  
  106  6:47  Overseer  
  106  6:49  Glial Reconstitution  
  106  6:50  Overlord  
  106  6:55  Overlord  
  106  6:56  Overlord  
  106  7:02  Overlord x2  
  106  7:07  Overlord  
  106  7:09  Overlord  
  106  7:10  Roach x4  
  106  7:13  Overlord  
  106  7:14  Roach x4  
  120  7:17  Roach  
  120  7:20  Roach  
  124  7:25  Roach  
  124  7:27  Roach  
  122  7:31  Roach x3  
  122  7:33  Roach x2  
  122  7:36  Roach x2  
  126  7:38  Roach x4  
  124  7:44  Roach x3  
  124  7:50  Spire  
  124  7:51  Queen  
  121  7:55  Roach  
  121  7:56  Roach x2  
  129  8:03  Queen  
  125  8:11  Queen  
  125  8:12  Roach x4  
  135  8:15  Overlord  
  135  8:27  Overlord  
  135  8:30  Roach x5  
  145  8:35  Overlord  
  145  8:40  Overlord  
  145  8:49  Overlord  
  137  9:03  Mutalisk x9  
  157  9:10  Extractor  
  157  9:13  Roach x6  
  157  9:16  Roach  
  170  9:18  Ravager  
  170  9:19  Roach  
  170  9:23  Roach  
  175  9:30  Roach x3  
  175  9:31  Overlord  
  175  9:32  Roach x2  
Show
View Real Time Build Order
Export as new Build Order

Denver Zerg 

Build Orders: Hatch First 

Get SALT Encoding   

  12  0:00  Drone  
  13  0:13  Overlord  
  13  0:17  Drone  
  14  0:31  Drone x2  
  16  0:49  Hatchery  
  15  0:53  Drone  
  15  0:56  Drone  
  17  1:00  Drone  
  18  1:10  Extractor  
  17  1:15  Spawning Pool  
  16  1:19  Drone  
  16  1:22  Drone  
  18  1:29  Drone  
  19  1:39  Drone  
  20  1:50  Drone  
  21  2:01  Drone  
  21  2:02  Drone  
  21  2:03  Queen x2  
  27  2:10  Metabolic Boost  
  27  2:11  Overlord  
  27  2:15  Drone  
  28  2:33  Hatchery, Drone  
  28  2:35  Drone  
  29  2:38  Drone  
  29  2:41  Drone  
  31  2:46  Baneling Nest  
  31  2:49  Zergling x2  
  32  2:51  Zergling x2  
  32  2:56  Overlord  
  32  2:58  Drone  
  32  3:05  Zergling x2  
  34  3:06  Queen  
  36  3:16  Zergling x8  
  40  3:20  Overlord  
  40  3:22  Drone  
  40  3:23  Drone  
  42  3:29  Baneling x2  
  42  3:30  Evolution Chamber  
  41  3:34  Zergling x2  
  41  3:35  Zergling x4  
  41  3:40  Baneling x2  
  44  3:46  Baneling  
  44  3:53  Zergling x12  
  44  3:55  Baneling  
  49  3:57  Overlord  
  48  4:07  Drone x2  
  47  4:16  Drone x6  
  51  4:24  Drone x3  
  51  4:25  Drone  
  51  4:28  Drone  
  51  4:29  Drone  
  57  4:33  Extractor  
  57  4:35  Zerg Missile Weapons Level 1  
  57  4:37  Zergling x2  
  57  4:48  Drone x3  
  57  4:55  Drone x6  
  57  4:56  Drone  
  59  5:02  Lair  
  59  5:05  Roach Warren  
  57  5:10  Drone x2  
  59  5:15  Overlord, Drone x3  
  59  5:20  Overlord  
  62  5:22  Zergling x6  
  62  5:25  Overlord  
  64  5:32  Overlord  
  64  5:34  Extractor, Baneling  
  63  5:37  Overlord  
  60  5:45  Roach x6  
  72  5:50  Extractor  
  72  5:51  Drone x2  
  70  6:00  Glial Reconstitution  
  70  6:02  Drone x7  
  76  6:09  Overlord  
  76  6:11  Roach x3  
  82  6:15  Overlord  
  82  6:19  Roach x2  
  82  6:20  Roach  
  82  6:22  Overlord  
  87  6:26  Roach  
  87  6:30  Roach x2  
  93  6:41  Roach x4  
  93  6:42  Roach  
  93  6:43  Overlord  
  102  6:49  Roach x3  
  107  6:55  Roach x3  
  107  7:01  Roach x4  
  121  7:03  Zergling x4  
  121  7:04  Roach  
  125  7:11  Roach x3  
  131  7:16  Roach x2, Overlord  
  131  7:18  Overlord  
  127  7:33  Roach x7  
  127  7:34  Overlord  
  129  7:41  Overlord  
  117  7:45  Drone  
  117  7:46  Drone x3  
  113  7:52  Drone x2  
  113  7:56  Roach  
  117  8:02  Roach x2  
  119  8:07  Extractor  
  119  8:08  Roach x2  
  122  8:13  Roach  
  122  8:14  Hatchery  
  123  8:22  Roach x8, Extractor  
  138  8:28  Roach  
  138  8:29  Roach x3  
  146  8:37  Roach x3  
  152  8:43  Roach  
  154  8:49  Ravager  
  145  8:57  Roach x9  
  145  8:58  Roach  
  159  9:08  Roach x4  
  165  9:11  Overlord  
  165  9:15  Ravager x2  
  167  9:17  Overlord  
  167  9:18  Ravager  
Tags
 
Add a new tag
Caveats
  • Supply blocks, unpowered buildings, or Contaminate may cause inaccurate times.
  • Supply counts are checked every 10 seconds.